 Dungeon Crawl Stone Soup version 0.30-a0-159-g068b764562 (webtiles) character file.

Game seed: 8593317923256381979

110 IdlyInterested the Cutter (level 4, -2/33 HPs)
             Began as a Demonspawn Gladiator on Sept 27, 2022.
             Slain by Terence
             ... wielding a +2 trident of venom
              (9 damage)
             ... on level 3 of the Dungeon.
             The game lasted 00:06:02 (2640 turns).

IdlyInterested the Cutter (Demonspawn Gladiator)    Turns: 2640, Time: 00:06:02

Health: -2/33      AC:  4    Str: 13 (14) XL:     4   Next: 61%
Magic:  4/4        EV: 18    Int: 11      God:
Gold:   164        SH:  0    Dex: 15      Spells: 3/3 levels left

rFire   . . .      SeeInvis .    a - +0 rapier
rCold   . . .      Faith    .    (no shield)
rNeg    . . .      Spirit   .    b - +0 leather armour
rPois   .          Reflect  .    c - +0 helmet
rElec   .          Harm     .    (no cloak)
rCorr   .          Rampage  .    (no gloves)
Will    .....                    (no boots)
Stlth   ++........               (no amulet)
HPRegen 0.11/turn                h - +4 ring of evasion
MPRegen 0.09/turn                (no ring)

@: mighty, lethally poisoned (-2 -> -14)
A: repulsion field 1, spiny 1
a: no special abilities


You were on level 3 of the Dungeon.
You visited 1 branch of the dungeon, and saw 3 of its levels.

You collected 164 gold pieces.

Inventory:

Hand Weapons
 a - a +0 rapier (weapon)
 k - a +0 dagger
Missiles
 d - 3 throwing nets (quivered)
 e - a javelin
Armour
 b - a +0 leather armour (worn)
 c - a +0 helmet (worn)
 o - a +0 chain mail
 p - a +0 ring mail
Jewellery
 h - a +4 ring of evasion (left hand)
Scrolls
 l - a scroll of teleportation
Potions
 f - a potion of haste
 g - a potion of attraction
 i - a potion of berserk rage {unknown}
 j - a potion of lignification
 m - a potion of might
 n - a potion of curing


   Skills:
 - Level 2.0 Fighting
 + Level 3.4 Short Blades
 - Level 1.7 Throwing
 - Level 1.0 Armour
 - Level 3.0 Dodging
 * Level 3.1 Stealth


You had 3 spell levels left.
You didn't know any spells.
Your spell library contained the following spells:

 Spells                   Type           Power      Damage    Failure   Level
 Shock                    Conj/Air       0%         1d3       41%         1
 Ignite Poison            Fire/Tmut/Pois 0%         N/A       80%         3
 Swiftness                Air            0%         N/A       80%         3
 Airstrike                Air            0%         2d(0-16)  99%         4
 Sticky Flame             Conj/Fire      0%         2d3       99%         4
 Ignition                 Fire           0%         3d3       100%        8


Dungeon Overview and Level Annotations

Branches:
Dungeon (3/15)

Altars:

Annotations:
D:3 Terence


Innate Abilities, Weirdness & Mutations

You are surrounded by a mild repulsion field. (EV +2)
You are partially covered in sharp spines.


Message History

The worm is heavily wounded.
The worm is struck by your spines. The worm closely misses you.
You hit the worm.
The worm is almost dead.
The ball python barely misses you. The worm is struck by your spines.
You kill the worm!
You feel your intelligence returning.
You closely miss the ball python.
The ball python is struck by your spines.
The ball python closely misses you.
You hit the ball python but do no damage.
The ball python is heavily wounded.
The ball python is struck by your spines.
The ball python bites you.
You barely miss the ball python.
The ball python is heavily wounded.
The ball python barely misses you.
You barely miss the ball python.
The ball python is heavily wounded.
The ball python barely misses you.
The ball python is struck by your spines.
You kill the ball python!
You start resting.
Terence the Incautious comes into view.
He is wielding a +2 trident of venom.
Terence shouts!
Okay, then.
You feel very mighty all of a sudden.
Terence says, "Rest in peace."
Terence hits you with a +2 trident of venom!
You are lethally poisoned!
You hit Terence.
Terence is lightly wounded.
You feel very sick. Terence misses you.
You hit Terence.
Terence is heavily wounded.
* * * LOW HITPOINT WARNING * * *
You feel very sick.
Terence hits you with a +2 trident of venom!
You die...

#..# #.# #..<..... ....
#.# #.##.#.#. ....#
##.## #.##.#.#. #.....
... ..##.#.# #....# .
#.####..##)#.# #.#...
..########†......##.#.#
...........###...##.#.#.
...........†............
#.....@@.....†...####.#.
#.########.#.#..........
#.#.##..#### #.
#.#.##..# # #.#.##..#
..#.##..# ..#.##..#
#.#.##..# #.....#


You could see Terence.

Vanquished Creatures
  A howler monkey (D:3)
  An adder (D:3)
  2 worms
  3 dart slugs
  6 ball pythons
  8 endoplasms
  4 goblins
  4 hobgoblins
  5 kobolds
  2 quokkas
  3 bats (D:1)
  A frilled lizard (D:1)
  5 rats
45 creatures vanquished.

Notes
Turn   | Place    | Note
-------+----------+-------------------------------------------
     0 | D:1      | IdlyInterested the Demonspawn Gladiator began the quest for
                  | the Orb.
     0 | D:1      | Reached XP level 1. HP: 16/16 MP: 1/1
    24 | D:1      | Found a faded altar of an unknown god.
   250 | D:1      | Reached skill level 1 in Stealth
   255 | D:1      | Gained mutation: You are surrounded by a mild repulsion
                  | field. (EV +2) [demonic ancestry]
   255 | D:1      | Reached XP level 2. HP: 5/22 MP: 2/2
   855 | D:1      | Reached skill level 1 in Armour
   869 | D:1      | Reached XP level 3. HP: 27/27 MP: 3/3
  2347 | D:3      | Gained mutation: You are partially covered in sharp spines.
                  | [demonic ancestry]
  2347 | D:3      | Reached XP level 4. HP: 12/33 MP: 4/4
  2634 | D:3      | Noticed Terence
  2640 | D:3      | Slain by Terence

Illustrated notes

Levels and vault maps discovered:
D:1:      spicycebolla_green_bress_n_ham, layout_loops_cross,
          hellmonk_ecumenical_altar_slurped_away, minmay_3d_cube
D:2:      layout_basic, minmay_crystal_water, minmay_misc_feat_enclosed
D:3:      layout_basic, serial_shops, shop, uniq_terence

Skill      XL: |  1  2  3  4 |
---------------+-------------+-----
Stealth        | 1 2 3 |  3.1
Short Blades   | 3 |  3.4
Armour         | 1 |  1.0
Dodging        | 3 |  3.0
Fighting       | |  2.0
Throwing       | |  1.7

Action                   |  1- 3 |  4- 6 || total
-------------------------+-------+-------++-------
Melee: Rapier            |   121 |    23 ||   144
       Punch             |     2 |       ||     2
  Use: Potion            |     4 |     2 ||     6
       Scroll            |     3 |       ||     3
 Stab: Sleeping          |     2 |       ||     2
Armor: Leather armour    |    15 |     1 ||    16
Dodge: Dodged            |    78 |    18 ||    96

Table legend: (Time is in decaauts)
 A = Elapsed time spent in this place.
 B = Non-inter-level travel time spent in this place.
 C = Inter-level travel time spent in this place.
 D = Time resting spent in this place.
 E = Time spent auto-exploring this place.
 F = Levels seen in this place.
 G = Mean time per level.
                   A        B        C        D        E       F      G
               +--------+--------+--------+--------+--------+-----+--------+
         Total |   2648 |   2407 |    241 |    898 |   1055 |   3 |  882.7 |
       Dungeon |   2648 |   2407 |    241 |    898 |   1055 |   3 |  882.7 |
               +--------+--------+--------+--------+--------+-----+--------+

Top non-repeatable levels by time:
     D:1: 1484 daAuts
     D:2: 880 daAuts
     D:3: 284 daAuts
